 Dungeon Crawl Stone Soup version 0.29-a0-271-gd4eb659eea (webtiles) character file.

Game seed: 4779681929231296781

413 howech the Twirler (level 6, -1/53 HPs)
             Began as a Minotaur Gladiator on Mar 7, 2022.
             Slain by an iguana (3 damage)
             ... on level 6 of the Dungeon on Mar 8, 2022.
             The game lasted 00:15:15 (4180 turns).

howech the Twirler (Minotaur Gladiator)             Turns: 4180, Time: 00:15:15

Health: -1/53      AC: 10    Str: 17 (18) XL:     6   Next: 59%
Magic:  5/5        EV:  8    Int:  4 (5)  God:
Gold:   206        SH:  0    Dex: 12 (14) Spells: 5/5 levels left

rFire   . . .      SeeInvis .   a - +0 quarterstaff
rCold   . . .      Faith    .   (shield currently unavailable)
rNeg    . . .      Spirit   .   g - +0 chain mail
rPois   .          Reflect  .   c - +0 hat
rElec   .          Harm     .   (no cloak)
rCorr   .          Rampage  .   r - +0 pair of gloves
Will    .....                   (no boots)
Stlth   ..........              (no amulet)
HPRegen 0.17/turn               (no ring)
MPRegen 0.09/turn               (no ring)

@: weak-willed
A: horns 2, retaliatory headbutt
a: no special abilities


You were on level 6 of the Dungeon.
You visited 1 branch of the dungeon, and saw 6 of its levels.

You collected 206 gold pieces.

Inventory:

Hand Weapons
 a - a +0 quarterstaff (weapon)
 s - a +0 war axe
Missiles
 o - 10 poisoned darts (quivered)
 p - 5 silver boomerangs
 y - a javelin
Armour
 b - a +0 leather armour
 c - a +0 hat (worn)
 g - a +0 chain mail (worn)
 n - a +0 plate armour
 r - a +0 pair of gloves (worn)
Wands
 d - a wand of flame (17)
 w - a wand of acid (8)
Scrolls
 h - 2 scrolls of vulnerability
 j - 4 scrolls of identify {unknown}
 l - a scroll of summoning {unknown}
 q - a scroll of fear {unknown}
 u - a scroll of torment {unknown}
 v - a scroll of teleportation {unknown}
 x - a scroll of noise {unknown}
 A - a scroll of holy word {unknown}
 B - a scroll of immolation {unknown}
Potions
 i - 2 potions of degeneration
 k - a potion of resistance {unknown}
 m - a potion of berserk rage {unknown}
 t - a potion of curing
 z - 2 potions of mutation {unknown}


   Skills:
 + Level 4.4 Fighting
 + Level 5.1 Staves
 + Level 3.6 Throwing
 + Level 3.1 Armour
 + Level 4.6 Dodging


You had 5 spell levels left.
You didn't know any spells.
Your spell library contained the following spells:

 Spells                   Type           Power      Damage    Failure   Level
 Sandblast                Erth           0%         2d4       100%        1
 Slow                     Hex            0%         N/A       100%        1
 Blink                    Tloc           0%         N/A       100%        2
 Passwall                 Tmut/Erth      0%         N/A       100%        2
 Confusing Touch          Hex            0%         N/A       100%        3
 Lesser Beckoning         Tloc           0%         N/A       100%        3
 Stone Arrow              Conj/Erth      0%         3d7       100%        3
 Tukima's Dance           Hex            0%         N/A       100%        3
 Vampiric Draining        Necr           0%         2d6       100%        3
 Passage of Golubria      Tloc           0%         N/A       100%        4
 Petrify                  Tmut/Erth      0%         N/A       100%        4
 Manifold Assault         Tloc           0%         N/A       100%        5
 Metabolic Englaciation   Hex/Ice        0%         N/A       100%        5
 Yara's Violent Unravell  Hex/Tmut       0%         3d3       100%        5
 Statue Form              Tmut/Erth      0%         N/A       100%        6


Dungeon Overview and Level Annotations

Branches:
Dungeon (6/15)
 Temple: D:4-7

Altars:

Shops:
D:1 *   D:3 (*(!

Annotations:
D:3 3 runed translucent doors, AlmostDecent's ghost, amateur DjCj; Aneyh's ghost, weakling TeMo; BIGUP's ghost, weakling GrFi; IdlyInterested's ghost, weakling DsGl; enile's ghost, amateur DjFE


Innate Abilities, Weirdness & Mutations

You have a pair of horns on your head.
You reflexively headbutt those who attack you in melee.


Message History

As you read the scroll labelled JISSUEL YJIO, it crumbles to dust.
It is a scroll of amnesia.
You feel forgetful for a moment.
As you read the scroll labelled JARGHE COQYEBB, it crumbles to dust.
Magic quickly surges around you.
It was a scroll of vulnerability.
The hound barely misses you.
Unknown command.
It was a potion of degeneration.
There was something very wrong with that liquid.
You feel weakened.
You feel dopey.
You feel clumsy. The hound barely misses you. You furiously retaliate!
You headbutt the hound. The iguana completely misses you.
Unknown command.
It was a potion of curing.
You feel better. The hound bites you but does no damage.
The iguana barely misses you. The hound closely misses you.
You furiously retaliate!
You headbutt the hound! The iguana closely misses you.
Found a scroll labelled HIF OSATHROPOR.
The hound bites you but does no damage.
You thump the hound!
You kill the hound!
You closely miss the iguana.
The iguana bites you but does no damage.
You hit the iguana.
The iguana is lightly wounded.
The iguana barely misses you.
You hit the iguana but do no damage.
The iguana is lightly wounded.
The iguana bites you!
* * * LOW HITPOINT WARNING * * *
You hit the iguana.
The iguana is moderately wounded.
The iguana bites you.
* * * LOW HITPOINT WARNING * * *
You hit the iguana but do no damage.
The iguana is moderately wounded.
The iguana closely misses you.
You closely miss the iguana.
The iguana is moderately wounded.
The iguana bites you.
You die...

.........
........#
........#
........#
?....!..#
........########
........#.......
.......@#.......
.....###l.......
... #<....... .
#........
#......##
#......#
#......#
#........
####.....


You could see an iguana (weak-willed).

Vanquished Creatures
  A water moccasin (D:5)
  A scorpion (D:5)
  A hound (D:6)
  An iguana (D:5)
  Robin (D:4)
  3 gnolls (D:2)
  6 adders
  An ufetubus (D:5)
  A worm (D:2)
  2 dart slugs
  8 bats
  9 endoplasms
  11 hobgoblins
  2 jackals (D:2)
  7 kobolds
  4 quokkas
  6 ball pythons
  2 frilled lizards
  16 goblins
  7 rats
90 creatures vanquished.

Notes
Turn   | Place    | Note
-------+----------+-------------------------------------------
     0 | D:1      | howech the Minotaur Gladiator began the quest for the Orb.
     0 | D:1      | Reached XP level 1. HP: 18/18 MP: 0/0
   103 | D:1      | Reached XP level 2. HP: 22/25 MP: 1/1
   424 | D:1      | Found a faded altar of an unknown god.
   559 | D:1      | Found Keuqetir's General Store.
   623 | D:1      | Upgraded the game from 0.29-a0-270-g1586fc07ea to
                  | 0.29-a0-271-gd4eb659eea
   654 | D:2      | Reached skill level 4 in Staves
   718 | D:2      | Reached XP level 3. HP: 11/31 MP: 2/2
  1004 | D:2      | Reached skill level 1 in Armour
  1248 | D:2      | Reached XP level 4. HP: 29/38 MP: 3/3
  1772 | D:3      | Found Nitev's Distillery.
  1883 | D:3      | Found Zoal's Antique Weapon Shoppe.
  1906 | D:3      | Found Haisus's Assorted Antiques.
  2267 | D:3      | Reached XP level 5. HP: 42/45 MP: 4/4
  2502 | D:3      | Found Luycit's Antique Weapon Boutique.
  2546 | D:3      | Noticed IdlyInterested's ghost (weakling DsGl)
  2547 | D:3      | Found a runed translucent gate.
  2547 | D:3      | Noticed BIGUP's ghost (weakling GrFi)
  2547 | D:3      | Noticed Aneyh's ghost (weakling TeMo)
  2547 | D:3      | Noticed enile's ghost (amateur DjFE)
  2547 | D:3      | Noticed AlmostDecent's ghost (amateur DjCj)
  2548 | D:3      | Found a runed translucent gate.
  2548 | D:3      | Found a runed translucent gate.
  3179 | D:4      | Noticed Robin
  3196 | D:4      | Killed Robin
  3600 | D:5      | Entered Level 5 of the Dungeon
  3740 | D:5      | Noticed a water moccasin
  3750 | D:5      | Killed a water moccasin
  3751 | D:5      | Reached skill level 5 in Staves
  3751 | D:5      | Reached XP level 6. HP: 42/53 MP: 5/5
  4150 | D:5      | HP: 2/53 [ogre/+0 giant club (18)]
  4178 | D:6      | HP: 2/53 [iguana (3)]
  4180 | D:6      | Slain by an iguana

Illustrated notes

Levels and vault maps discovered:
D:1:      dpeg_arrival_short_road, layout_rooms,
          hellmonk_ecumenical_altar_leap_of_faith, serial_glass,
          glass_columns_b, glass_columns_a, serial_shops,
          nicolae_shop_behind_doors, minmay_ruptured
D:2:      layout_rooms
D:3:      layout_basic, gammafunk_ghost_cemetery, serial_shops, shop,
          nicolae_shop_stone, shop, nicolae_shop_waterfront
D:4:      layout_loops_cross, uniq_robin
D:5:      layout_loops_corners, nemelex_dance_club_becter,
          grunt_decor_one_mirror
D:6:      layout_basic, serial_undead, serial_undead_c, serial_undead_d,
          serial_undead_b, serial_undead_f, serial_undead_c, serial_undead_c

Skill      XL: |  1  2  3  4  5 |
---------------+----------------+-----
Staves         | 4 5 |  5.1
Fighting       | 3 4 |  4.4
Armour         | 1 3 |  3.1
Dodging        | 4 |  4.6
Throwing       | 3 |  3.6

Action                   |  1- 3 |  4- 6 || total
-------------------------+-------+-------++-------
Melee: Quarterstaff      |    73 |   123 ||   196
       Headbutt          |    10 |    20 ||    30
Throw: Throwing net      |     4 |     4 ||     8
       Javelin           |       |     1 ||     1
       Dart              |       |     2 ||     2
  Use: Scroll            |       |     2 ||     2
       Potion            |       |     2 ||     2
 Stab: Held in net/web   |     1 |     2 ||     3
Armor: Leather armour    |    17 |     4 ||    21
       Chain mail        |       |    46 ||    46
Dodge: Dodged            |    33 |    50 ||    83

Table legend: (Time is in decaauts)
 A = Elapsed time spent in this place.
 B = Non-inter-level travel time spent in this place.
 C = Inter-level travel time spent in this place.
 D = Time resting spent in this place.
 E = Time spent auto-exploring this place.
 F = Levels seen in this place.
 G = Mean time per level.
                   A        B        C        D        E       F      G
               +--------+--------+--------+--------+--------+-----+--------+
         Total |   4193 |   4124 |     69 |    723 |   2462 |   6 |  698.8 |
       Dungeon |   4193 |   4124 |     69 |    723 |   2462 |   6 |  698.8 |
               +--------+--------+--------+--------+--------+-----+--------+

Top non-repeatable levels by time:
     D:2: 1139 daAuts
     D:4: 927 daAuts
     D:3: 904 daAuts
     D:1: 641 daAuts
     D:5: 567 daAuts
     D:6: 13 daAuts
